 Dungeon Crawl Stone Soup version 0.31-a0-971-g75a2e9a4b4 (webtiles) character file.

Game seed: 4755439886785423471

2465 demibob the Poker (level 9, 0/49 HPs)
             Began as a Deep Elf Chaos Knight on Oct 28, 2023.
             Was an Initiate of Ashenzari.
             Incinerated by a smoke demon (6 damage)
             ... with a sticky flame
             ... on level 7 of the Dungeon.
             The game lasted 00:18:39 (6607 turns).

demibob the Poker (Deep Elf Chaos Knight)           Turns: 6607, Time: 00:18:40

Health: 0/49       AC: 12    Str:  8    XL:     9   Next: 26%
Magic:  11/11      EV: 11    Int: 26    God:    Ashenzari [......]
Gold:   501        SH:  0    Dex: 13    Spells: 5/8 levels left

rFire   . . .        a - staff of death {!a}
rCold   + . .        (no shield)
rNeg    + . .        b - +2 leather armour
rPois   +            k - +0 helmet
rElec   .            i - +0 cloak
rCorr   .            d - +1 pair of gloves
SInv    .            f - +0 pair of boots
Will    .....        (no amulet)
Stlth   +            P - ring of poison resistance
HPRegen 0.28/turn    (no ring)
MPRegen 0.12/turn

%: no passive effects
@: on fire, spiked, glowing
A: iridescent scales 1, clever 1, cold resistance 1, mutation resistance 1
a: Renounce Religion, Curse Item


You were on level 7 of the Dungeon.
You worshipped Ashenzari.
Ashenzari was noncommittal.
You visited 2 branches of the dungeon, and saw 8 of its levels.

You collected 501 gold pieces.


Innate Abilities, Weirdness & Mutations

You are partially covered in iridescent scales. (AC +2)
Your mind is acute. (Int +4, Str/Dex -1)
Your flesh is cold resistant. (rC+)
You are somewhat resistant to further mutation.


   Skills:
 - Level 2.4 Fighting
 - Level 7.4(7.8) Polearms
 + Level 4.7(7.8) Staves
 - Level 0.7 Armour
 - Level 2.4 Dodging
 + Level 5.6 Necromancy
 + Level 5.1 Evocations


You had 5 spell levels left.
You knew the following spells:

 Your Spells              Type           Power      Damage    Failure   Level
X - Necrotise             Necr           100%       1d9       1%          1
Y - Cigotuvi's Dreadful   Necr/Pois/Air  28%        N/A       13%         2

Your spell library contained the following spells:

 Spells                   Type           Power      Damage    Failure   Level
 Sublimation of Blood     Necr           43%        N/A       2%          2
 Apportation              Tloc           0%         N/A       19%         1
 Summon Small Mammal      Summ           0%         N/A       19%         1
 Dispel Undead            Necr           43%        3d17      19%         4
 Wereblood                Tmut           0%         N/A       26%         2
 Death Channel            Necr           21%        N/A       95%         6
 Summon Hydra             Summ           0%         N/A       100%        7

Inventory:

Hand Weapons
 h - a +1 spear of chaos
Armour
 b - a +2 leather armour (worn)
 d - a +1 pair of gloves (worn)
 f - a +0 pair of boots (worn)
 i - a +0 cloak (worn)
 k - a +0 helmet (worn)
Magical Staves
 a - a staff of death (weapon) {!a}
Jewellery
 P - a ring of poison resistance (left hand)
Wands
 l - a wand of digging (3)
Scrolls
 e - 2 scrolls of identify {@r1}

Dungeon Overview and Level Annotations

Branches:
Dungeon (7/15)             Temple (1/1) D:5

Altars:
Ashenzari
Cheibriados
Dithmenos
Elyvilon
Gozag
Kikubaaqudgha
Makhleb
Nemelex Xobeh
Okawaru
Qazlal
Ru
Sif Muna
Trog
Uskayaw
Vehumet
Wu Jian
Xom
Yredelemnul
The Shining One

Shops:
D:5 :   D:6 :

Annotations:
D:6 3 runed translucent doors, RandomusNamus's ghost, novice GrMo

### # #..
###.##.####.#
#.....b...#.#
#@##4#b#
#b##.#.#
##355555#
#.5.55.##
#.###45# #.
#55b# #.
#.#.# ##+# #.
#.#b# ##...##
#.##.#.#


You could see a smoke demon (summoned), a red devil (summoned), 3 quasits and a
white imp (summoned).


Message History

The white imp gestures at you. The puff of frost hits you. You resist.
The quasit bites you but does no damage.
The quasit claws you but does no damage. x2
The iron imp misses your butterfly. Something misses your butterfly.
The shadow imp gestures at you.
Your butterfly writhes in agony!
Your butterfly dies!
Your butterfly disappears in a burst of colours!
The smoke demon gestures at you. The sticky flame hits you.
You are covered in liquid flames!
* * * LOW HITPOINT WARNING * * *
The barbed spikes dig painfully into your body as you move.
* * * LOW HITPOINT WARNING * * *
You are covered in liquid flames!
* * * LOW HITPOINT WARNING * * *
The white imp hits your butterfly.
Your butterfly dies!
Your butterfly disappears in a burst of colours!
The white imp hits your butterfly.
Your butterfly dies!
Your butterfly disappears in a burst of colours!
The smoke demon completely misses you. x2; The smoke demon barely misses you.
Unknown command.
The barbed spikes dig painfully into your body as you move.
* * * LOW HITPOINT WARNING * * *
You are covered in liquid flames!
You die... "I guess I need a new plaything now."

Skill      XL: |  1  2  3  4  5  6  7  8  9 |
---------------+----------------------------+-----
Polearms       | 3 5 6 7 |  7.4
Necromancy     | 4 5 |  5.6
Evocations     | 4 5 |  5.1
Staves         | 4 |  4.7
Fighting       | |  2.4
Armour         | |  0.7
Dodging        | |  2.4

Action                     |  1- 3 |  4- 6 |  7- 9 || total
---------------------------+-------+-------+-------++-------
  Melee: Spear             |   106 |   225 |   335 ||   666
         Punch             |     2 |     1 |    10 ||    13
         Staff             |       |       |   164 ||   164
    Use: Scroll            |     2 |     4 |     6 ||    12
         Potion            |       |     4 |     4 ||     8
   Stab: Sleeping          |     2 |     4 |     1 ||     7
         Invisible         |       |     1 |     3 ||     4
         Paralysed         |       |     1 |       ||     1
         Petrified         |       |       |    10 ||    10
         Confused          |       |       |     2 ||     2
         Petrifying        |       |       |     1 ||     1
 Armour: Leather armour    |    49 |    71 |   336 ||   456
  Dodge: Dodged            |    87 |    98 |   305 ||   490

Levels and vault maps discovered:
D:1:      wander_arrival_fairy_ring, layout_rooms,
          hangedman_abyss_or_decor_lesser_grid, chequers_garden,
          minmay_pentomino_t4
D:2:      layout_basic, grunt_ministairs_15, uniq_terence, uniq_natasha
D:3:      layout_basic, gammafunk_ghost_necromancy, uniq_robin
D:4:      layout_loops_ring, mainiacjoe_overflow_divided_tiny,
          marbit_many_paths, uniq_blork_the_orc
D:5:      layout_loops_ring, minmay_temple_entry_hall, minmay_misc_feat_five,
          nicolae_custom_books
D:6:      layout_basic, mainiacjoe_overflow_tiny_flanked,
          nicolae_overflow_squiral, ebering_ghost_rock_garden, serial_shops,
          shop, uniq_pikel, uniq_menkaure, uniq_edmund
D:7:      wander_river, layout_loops_corners, lemuel_zombie_altar_yredelemnul,
          mainiacjoe_overflow_cross_hatched
Temple:   chequers_temple_sunken

Notes
Turn   | Place    | Note
-------+----------+-------------------------------------------
     0 | D:1      | demibob the Deep Elf Chaos Knight began the quest for the
                  | Orb.
     0 | D:1      | Reached XP level 1. HP: 13/13 MP: 3/3
     0 | D:1      | XOM: silly message
   101 | D:1      | Reached XP level 2. HP: 18/18 MP: 4/4
   180 | D:1      | XOM: give mutation
   180 | D:1      | Gained mutation: You are partially covered in iridescent
                  | scales. (AC +2) [Xom's grace]
   190 | D:1      | Reached skill level 3 in Polearms
   207 | D:1      | Reached XP level 3. HP: 22/22 MP: 5/5
   439 | D:1      | XOM: 1-stop teleportation journey
   566 | D:2      | a ball python changed into a shapeshifter
   566 | D:2      | Noticed a shapeshifter (shapeshifter)
   566 | D:2      | a shapeshifter changed into a polar bear
   566 | D:2      | Noticed a polar bear (shapeshifter)
   567 | D:2      | Banished a polar bear
   568 | D:2      | Reached skill level 5 in Polearms
   568 | D:2      | Reached XP level 4. HP: 12/27 MP: 6/6
   568 | D:2      | Reached XP level 5. HP: 14/31 MP: 7/7
   722 | D:2      | Noticed Terence
   742 | D:2      | Killed Terence
   743 | D:2      | Reached XP level 6. HP: 16/36 MP: 8/8
   837 | D:2      | Noticed Natasha
   843 | D:2      | Killed Natasha
  1137 | D:2      | Noticed Natasha
  1144 | D:2      | Killed Natasha
  1307 | D:2      | Noticed Natasha
  1322 | D:2      | Killed Natasha
  1465 | D:3      | Noticed Robin
  1493 | D:3      | Killed Robin
  1667 | D:3      | XOM: polymorph iguana -> wolf
  1910 | D:3      | Found a runed translucent gate.
  1910 | D:3      | Found a runed translucent gate.
  1910 | D:3      | Found a runed translucent gate.
  1910 | D:3      | Noticed dr0g0th's ghost (weakling DsGl)
  2353 | D:3      | XOM: god gift: plate armour {god gift}
  2522 | D:3      | Killed dr0g0th's ghost
  2523 | D:3      | Reached skill level 6 in Polearms
  2523 | D:3      | Reached XP level 7. HP: 36/40 MP: 9/9
  2531 | D:3      | XOM: divine lightning
  2908 | D:4      | Identified a +2 robe of resistance
  2908 | D:4      | Noticed Blork the orc
  2932 | D:4      | Killed Blork the orc
  3023 | D:4      | Found an ornate altar of the Wu Jian Council.
  3027 | D:4      | Found a sparkling altar of Nemelex Xobeh.
  3039 | D:4      | XOM: 5-stop teleportation journey
  3407 | D:4      | XOM: god gift: 54 gold pieces
  3422 | D:4      | XOM: summons 2 friendly demons
  3490 | D:4      | Found a bloodstained altar of Trog.
  3541 | D:5      | Entered Level 5 of the Dungeon
  3566 | D:5      | XOM: cast spell 'Disjunction'
  3583 | D:5      | Reached skill level 7 in Polearms
  3592 | D:5      | HP: 1/40 [iguana (10)]
  3691 | D:5      | XOM: cloud trail
  3792 | D:5      | XOM: summons 4 hostile shadow creatures
  3897 | D:5      | Reached XP level 8. HP: 45/45 MP: 10/10
  3927 | D:5      | Learned a level 1 spell: Necrotise
  4000 | D:5      | XOM: god gift: runed morningstar {god gift}
  4009 | D:5      | Found Unnath's Self-Published Books.
  4009 | D:5      | Found a staircase to the Ecumenical Temple.
  4009 | D:5      | XOM: 7-stop teleportation journey
  4011 | D:5      | XOM: 4-stop teleportation journey
  4027 | D:5      | Reached skill level 1 in Necromancy
  4027 | D:5      | Reached skill level 1 in Evocations
  4243 | D:5      | Reached skill level 1 in Staves
  4485 | D:5      | Reached skill level 2 in Necromancy
  4485 | D:5      | Reached skill level 2 in Evocations
  4545 | D:5      | XOM: cloud trail
  4569 | Temple   | Entered the Ecumenical Temple
  4574 | Temple   | XOM: give mutations
  4574 | Temple   | Gained mutation: You are somewhat resistant to further
                  | mutation. [Xom's grace]
  4574 | Temple   | Gained mutation: Your mind is acute. (Int +4, Str/Dex -1)
                  | [Xom's grace]
  4574 | Temple   | Gained mutation: Your flesh is cold resistant. (rC+) [Xom's
                  | grace]
  4575 | Temple   | Fell from the grace of Xom
  4575 | Temple   | Became a worshipper of Ashenzari the Shackled
  4766 | D:6      | Noticed Edmund
  4783 | D:6      | Killed Edmund
  4784 | D:6      | Reached skill level 2 in Staves
  4915 | D:6      | Reached skill level 3 in Necromancy
  4936 | D:6      | Reached skill level 3 in Evocations
  4978 | D:6      | XOM: summons 4 hostile demons
  4979 | D:6      | Noticed an ice devil
  4979 | D:6      | Noticed a hellwing
  4979 | D:6      | >>yo floor 6 hellwing and ice devil is death
  4979 | D:6      | >>like 2 turns max lol
  4996 | D:6      | Reached skill level 3 in Staves
  5076 | D:6      | Found a shadowy altar of Dithmenos.
  5077 | D:6      | Found a shimmering altar of Xom.
  5142 | D:6      | Noticed Pikel
  5161 | D:6      | XOM: stat loss: -1 Dex (12/13)
  5170 | D:6      | Killed Pikel
  5171 | D:6      | Reached skill level 4 in Staves
  5171 | D:6      | Reached skill level 4 in Necromancy
  5171 | D:6      | Reached skill level 4 in Evocations
  5171 | D:6      | Reached XP level 9. HP: 28/49 MP: 11/11
  5174 | D:6      | Learned a level 2 spell: Cigotuvi's Dreadful Rot
  5348 | D:6      | Found Retuh's Book Shop.
  5507 | D:6      | Reached skill level 5 in Necromancy
  5543 | D:6      | Found a radiant altar of Vehumet.
  5579 | D:6      | Noticed Menkaure
  5597 | D:6      | Killed Menkaure
  5693 | D:6      | Found a runed translucent gate.
  5694 | D:6      | Found a runed translucent gate.
  5694 | D:6      | Found a runed translucent gate.
  5694 | D:6      | Noticed RandomusNamus's ghost (novice GrMo)
  6069 | D:7      | XOM: summons 2 hostile shadow creatures
  6185 | D:7      | Found a basalt altar of Yredelemnul.
  6290 | D:7      | Reached skill level 5 in Evocations
  6599 | D:7      | XOM: summons 14 hostile demons
  6600 | D:7      | Noticed a red devil
  6600 | D:7      | Noticed a smoke demon
  6600 | D:7      | Noticed an ice devil
  6600 | D:7      | >>lol
  6607 | D:7      | Incinerated by a smoke demon

Vanquished Creatures
  Pikel (D:6)
  Menkaure (D:6)
  Edmund (D:6)
  3 black bears
  An ice beast (D:4)
  A centaur (D:6)
  A lemure (D:5)
  A phantom (D:6)
  Blork the orc (D:4)
  2 killer bees (D:7)
  The ghost of dr0g0th the Poker, a weakling DsGl (D:3)
  2 howler monkeys
  A centaur zombie (D:7)
  5 hounds
  A centaur skeleton (D:3)
  5 iguanas
  Terence (D:2)
  2 sleepcaps
  Natasha (thrice) (D:2)
  Robin (D:3)
  A howler monkey zombie (D:7)
  6 gnolls
  A howler monkey skeleton (D:3)
  9 adders
  A shadow imp (D:4)
  A white imp (D:5)
  A worm (D:2)
  3 dart slugs (D:1)
  3 orcs
  A ball python (D:1)
  4 endoplasms
  6 giant cockroaches
  12 goblins
  9 hobgoblins
  5 jackals
  2 quokkas (D:2)
  7 bats
  2 frilled lizards
  10 kobolds
  6 rats
125 creatures vanquished.

Vanquished Creatures (collateral kills)
  An iguana (D:3)
1 creature vanquished.

Vanquished Creatures (others)
  A wyvern zombie (D:3)
1 creature vanquished.

Grand Total: 127 creatures vanquished

Table legend: (Time is in decaauts)
 A = Elapsed time spent in this place.
 B = Non-inter-level travel time spent in this place.
 C = Inter-level travel time spent in this place.
 D = Time resting spent in this place.
 E = Time spent auto-exploring this place.
 F = Levels seen in this place.
 G = Mean time per level.
                   A        B        C        D        E       F      G
               +--------+--------+--------+--------+--------+-----+--------+
         Total |   6458 |   6201 |    257 |    327 |   4696 |   8 |  807.2 |
       Dungeon |   6443 |   6199 |    244 |    327 |   4696 |   7 |  920.4 |
        Temple |     15 |      2 |     13 |      0 |      0 |   1 |   15.0 |
               +--------+--------+--------+--------+--------+-----+--------+

Top non-repeatable levels by time:
     D:6: 1277 daAuts
     D:5: 1134 daAuts
     D:3: 1115 daAuts
     D:4: 965 daAuts
     D:2: 858 daAuts
     D:7: 546 daAuts
     D:1: 545 daAuts
  Temple: 15 daAuts

Table legend:
 A = Non-vault XP
 B = Vault XP
 C = Vault XP percentage of total XP
 D = Non-vault monster count
 E = Vault monster count
 F = Vault count percentage of total count
                 A         B        C        D         E       F
            +---------+---------+-------+---------+---------+-------
      Total |    2030 |    1492 |  42.4 |      98 |      30 |  23.4
            +---------+---------+-------+---------+---------+-------
        D:1 |      50 |       6 |  10.7 |      26 |       4 |  13.3
        D:2 |     399 |      74 |  15.6 |      18 |       4 |  18.2
        D:3 |     114 |     185 |  61.9 |      16 |      15 |  48.4
        D:4 |      58 |     215 |  78.8 |       5 |       2 |  28.6
        D:5 |     688 |       0 |   0.0 |      17 |       0 |   0.0
        D:6 |     561 |     951 |  62.9 |      13 |       3 |  18.8
        D:7 |     160 |      61 |  27.6 |       3 |       2 |  40.0
            +---------+---------+-------+---------+---------+-------
